 Dungeon Crawl Stone Soup version 0.31-a0-164-g2312942fda (webtiles) character file.

Game seed: 10257987399039074730

28 qw the Shooter (level 3, 0/32 HPs)
             Began as a Naga Hunter on June 13, 2023.
             Slain by a frilled lizard (2 damage)
             ... on level 2 of the Dungeon.
             The game lasted 00:00:18 (744 turns).

qw the Shooter (Naga Hunter)                         Turns: 744, Time: 00:00:18

Health: 0/32       AC:  2    Str: 13    XL:     3   Next: 14%
Magic:  3/3        EV:  9    Int:  9    God:
Gold:   40         SH:  0    Dex: 16    Spells: 2/2 levels left

rFire   . . .        Y - +0 shortbow
rCold   . . .        (shield currently unavailable)
rNeg    . . .        c - +0 leather armour
rPois   +            (no helmet)
rElec   .            (no cloak)
rCorr   .            (no gloves)
SInv    +            (no barding)
Will    .....        (no amulet)
Stlth   ++           (no ring)
HPRegen 0.25/turn    (no ring)
MPRegen 0.08/turn

%: no passive effects
@: short of breath, very slow
A: AC +1, large, see invisible, deformed body, poison resistance, slowness 2,
spit poison 1, naga tail 1
a: Spit Poison


You were on level 2 of the Dungeon.
You visited 1 branch of the dungeon, and saw 2 of its levels.

You collected 40 gold pieces.


Innate Abilities, Weirdness & Mutations

Your serpentine skin is tough. (AC +1)
You have supernaturally acute eyesight. (SInv)
Armour fits poorly on your strangely shaped body.
Your system is resistant to poisons. (rPois)
You cover ground very slowly.
You can spit poison.
You have a snake-like lower body.


   Skills:
 - Level 2.0 Fighting
 + Level 4.5 Ranged Weapons
 - Level 1.5 Dodging
 - Level 1.5 Stealth


You had 2 spell levels left.
You didn't know any spells.
Your spell library was empty.

Inventory:

Hand Weapons
 Y - a +0 shortbow (weapon)
Armour
 c - a +0 leather armour (worn)
Jewellery
 g - a ring of fire
Potions
 b - a potion of enlightenment {unknown}
 e - a potion of curing {unknown}
 f - a potion of might {unknown}

Dungeon Overview and Level Annotations

Branches:
Dungeon (2/15)

Altars:


Message History

The orc is moderately wounded.
You hear a shout!
The frilled lizard bites you but does no damage.
The orc closely misses you.
The orc priest miscasts a cantrip.
You shoot an arrow. The arrow hits the orc.
You kill the orc!
The frilled lizard bites you.
The orc priest looks satisfied for a moment.
The frilled lizard bites you.
An orc wizard comes into view. It is wielding a +0 dagger.
You shoot an arrow. The arrow barely misses the orc priest.
You have got your breath back.
The frilled lizard bites you.
740 ||| Stepping ~*~*~tactically~*~*~ (outnumbered).
The orc priest attacks as you move away!
The orc priest barely misses you. The frilled lizard bites you.
741 ||| INVOKING Spit Poison.
Aiming: Spit Poison (2% risk of failure)
Press: ? - help, Shift-Dir - straight line, f/p - orc priest The splash of poison misses the orc priest.
The frilled lizard bites you.
The orc priest hits you with a +0 flail.
You shoot an arrow.
The arrow hits the orc priest but does no damage.
The frilled lizard bites you.
The orc priest hits you with a +0 flail.
The frilled lizard bites you.
The orc priest miscasts a cantrip.
You shoot an arrow.
The arrow hits the orc priest but does no damage.
You hear a shout!
The frilled lizard completely misses you.
The orc closely misses you.
The orc priest hits you with a +0 flail!
You shoot an arrow. The arrow hits the orc priest.
The orc priest is lightly wounded.
The frilled lizard bites you.
You die...

..## #..# ##.###. ...
#..###...##. ..#
............. # #.#
.#.####...##. ... #.#
.##. ##.###.
..~..###.##.##.#####..#..
.....o..o)........###<#.#
....o.##lo#####.#.# #.#.#
.o... #@o# #.#.# #.#.#
.o~o #..# #...# #.#.#
o.....###.# #...###.#.#
## #...%..#####%........#
....###.......#.#######
.##.#####.#.###.#
#.............#
########.###### #.#


You could see 2 orc priests, an orc and a frilled lizard.

Vanquished Creatures
  2 dart slugs
  An orc (D:2)
  A bat (D:2)
  4 endoplasms
  3 goblins (D:1)
  A hobgoblin (D:1)
  2 kobolds (D:1)
  2 quokkas (D:1)
  A ball python (D:1)
  3 frilled lizards
  A rat (D:1)
21 creatures vanquished.

Notes
Turn   | Place    | Note
-------+----------+-------------------------------------------
     0 | D:1      | qw the Naga Hunter began the quest for the Orb.
     0 | D:1      | Reached XP level 1. HP: 19/19 MP: 1/1
     0 | D:1      | 0 ||| qw: Version: 0.2-a-29-gc1b59c4
     0 | D:1      | 0 ||| qw: Game counter: 4499
     0 | D:1      | 0 ||| qw: Always use a shield: true
     0 | D:1      | 0 ||| qw: God list: Okawaru
     0 | D:1      | 0 ||| qw: Allow faded altars: false
     0 | D:1      | 0 ||| qw: Do Orc after D:15 true
     0 | D:1      | 0 ||| qw: Do second Lair branch before Depths: true
     0 | D:1      | 0 ||| qw: Lair rune preference: random
     0 | D:1      | 0 ||| qw: Plans: Normal
     0 | D:1      | 0 ||| PLANNING D:1-11
    11 | D:1      | 11 ||| DROPPING scroll of butterflies.
    13 | D:1      | 13 ||| INVOKING Spit Poison.
    17 | D:1      | 17 ||| INVOKING Spit Poison.
    21 | D:1      | 21 ||| INVOKING Spit Poison.
    27 | D:1      | 27 ||| INVOKING Spit Poison.
   103 | D:1      | 103 ||| INVOKING Spit Poison.
   106 | D:1      | 106 ||| INVOKING Spit Poison.
   135 | D:1      | 135 ||| INVOKING Spit Poison.
   139 | D:1      | Reached skill level 4 in Ranged Weapons
   139 | D:1      | Reached XP level 2. HP: 26/26 MP: 2/2
   182 | D:1      | 182 ||| INVOKING Spit Poison.
   187 | D:1      | 187 ||| INVOKING Spit Poison.
   246 | D:1      | 246 ||| INVOKING Spit Poison.
   323 | D:1      | 323 ||| INVOKING Spit Poison.
   376 | D:1      | 376 ||| READING scroll labelled WOXTOTWAMN.
   377 | D:1      | 377 ||| READING scroll labelled SURIVY XAOMM.
   625 | D:1      | 625 ||| INVOKING Spit Poison.
   627 | D:1      | 627 ||| READING scroll labelled SAIKLO JOECLU.
   696 | D:2      | Reached XP level 3. HP: 32/32 MP: 3/3
   715 | D:2      | 715 ||| INVOKING Spit Poison.
   727 | D:2      | 727 ||| INVOKING Spit Poison.
   729 | D:2      | 729 ||| Stepping ~*~*~tactically~*~*~ (outnumbered).
   730 | D:2      | 730 ||| Stepping ~*~*~tactically~*~*~ (outnumbered).
   733 | D:2      | 733 ||| INVOKING Spit Poison.
   736 | D:2      | 736 ||| INVOKING Spit Poison.
   740 | D:2      | 740 ||| Stepping ~*~*~tactically~*~*~ (outnumbered).
   741 | D:2      | 741 ||| INVOKING Spit Poison.
   742 | D:2      | HP: 8/32 [frilled lizard (1)]
   743 | D:2      | HP: 2/32 [orc priest/+0 flail (7)]
   744 | D:2      | Slain by a frilled lizard

Levels and vault maps discovered:
D:1:      mrwooster_arrival_statue_3, layout_basic, serial_glass,
          glass_columns_c, glass_columns_a, glass_columns_b, glass_columns_c,
          glass_columns_b, glass_columns_c
D:2:      cheibrodos_pilgrimage, layout_loops_ring

Skill      XL: |  1 |
---------------+----+-----
Ranged Weapons | 4 |  4.5
Fighting       | |  2.0
Dodging        | |  1.5
Stealth        | |  1.5

Action                     || total
---------------------------++-------
   Fire: Shortbow          ||    41
Ability: Spit Poison       ||    17
    Use: Scroll            ||     3
 Armour: Leather armour    ||     6
  Dodge: Dodged            ||     8

Table legend:
 A = Non-vault XP
 B = Vault XP
 C = Vault XP percentage of total XP
 D = Non-vault monster count
 E = Vault monster count
 F = Vault count percentage of total count
                 A         B        C        D         E       F
            +---------+---------+-------+---------+---------+-------
      Total |      38 |       3 |   7.3 |      20 |       1 |   4.8
            +---------+---------+-------+---------+---------+-------
        D:1 |      29 |       0 |   0.0 |      16 |       0 |   0.0
        D:2 |       9 |       3 |  25.0 |       4 |       1 |  20.0
            +---------+---------+-------+---------+---------+-------
